 Dungeon Crawl Stone Soup version 0.31.0-12-g77e489cdc1 (webtiles) character file.

Game seed: 13687150880738881081

136 Killerpretzel the Changeling (level 5, -3/34 HPs)
             Began as an Octopode Shapeshifter on Mar 2, 2024.
             Slain by an orc
             ... wielding a +0 trident
              (8 damage)
             ... on level 3 of the Dungeon.
             The game lasted 00:03:26 (2065 turns).

Killerpretzel the Changeling (OpSh)                 Turns: 2065, Time: 00:03:27

Health: -3/34      AC:  1    Str: 10    XL:     5   Next: 19%
Magic:  5/5        EV: 13    Int: 12    God:
Gold:   175        SH:  0    Dex: 13    Spells: 4/4 levels left

rFire   + +          .
                       - Unarmed
rCold   + . .        (no shield)
rNeg    . . .        (helmet currently unavailable)
rPois   .            f - amulet of the acrobat
rElec   +            d - ring "Nalyx" {Fly rElec rF+++ Str-4}
rCorr   .            n - ring of ice
SInv    .            (no ring)
Will    .....        (no ring)
Stlth   ++           (no ring)
HPRegen 0.25/turn    (no ring)
MPRegen 0.09/turn    (no ring)
                     (no ring)

%: acrobat
@: beast-form, flying
A: beast (slay +2), almost no armour, amphibious, 8 rings, camouflage 1,
gelatinous body 1, (nimble swimmer 1), tentacles
a: Begin Untransformation


You were on level 3 of the Dungeon.
You were a hulking beast.
You visited 1 branch of the dungeon, and saw 3 of its levels.

You collected 175 gold pieces.

Inventory:

Jewellery
 d - the ring "Nalyx" (left tentacle) {Fly rElec rF+++ Str-4}
   (You acquired it on level 1 of the Dungeon)

   [ring of flight]

   Str-4:     It affects your strength (-4).
   rF+++:     It renders you almost immune to fire.
   rElec:     It insulates you from electricity.
   Fly:       It grants you flight.
 f - an amulet of the acrobat (around mantle)
 n - a ring of ice (right tentacle)
Talismans
 b - a beast talisman
 c - a flux talisman
Scrolls
 e - a scroll of enchant armour
 g - a scroll of summoning
 k - a scroll of revelation {unknown}
Potions
 a - a potion of lignification
 h - 2 potions of heal wounds
 i - a potion of haste {unknown}
 j - a potion of enlightenment {unknown}
 l - a potion of brilliance {unknown}
 m - a potion of ambrosia {unknown}
 o - a potion of curing {unknown}


   Skills:
 + Level 2.1 Fighting
 + Level 2.9 Dodging
 + Level 3.6 Unarmed Combat
 * Level 4.1 Shapeshifting


You had 4 spell levels left.
You didn't know any spells.
Your spell library contained the following spells:

 Spells                   Type           Power      Damage    Failure   Level
 Shock                    Conj/Air       0%         1d3       32%         1
 Sting                    Conj/Alch      0%         1d3       32%         1
 Mercury Vapours          Alch/Air       0%         N/A       45%         2
 Swiftness                Air            0%         N/A       69%         3
 Airstrike                Air            0%         2d(0-16)  97%         4
 Olgreb's Toxic Radiance  Alch           0%         N/A       97%         4


Dungeon Overview and Level Annotations

Branches:
Dungeon (3/15)

Altars:

Shops:
D:1 *


Innate Abilities, Weirdness & Mutations

You are a hulking beast.
Your limbs bulge with bestial killing power. (Slay +2)
You cannot wear most types of armour.
You are amphibious.
You can wear up to eight rings at the same time.
Your skin changes colour to match your surroundings (Stealth+).
Your rubbery body absorbs attacks. (AC +1, EV +1)
((You are camouflaged when in or above water. (Stealth+)))
You have tentacles for arms and can constrict up to eight enemies at once.


Message History

You constrict the orc.
The orc hits you from afar with a +0 trident.
The orc misses you.
You tentacle-slap the orc.
The orc is almost dead.
You constrict the orc.
You kill the orc!
The orc closely misses you.
You tentacle-slap the orc priest but do no damage.
You grab the orc priest. You constrict the orc priest.
The orc completely misses you. The orc priest hits you with a +0 club.
You tentacle-slap the orc priest but do no damage.
You squeeze the orc priest.
The orc priest is heavily wounded.
You constrict the orc priest, but do no damage.
The orc hits you from afar with a +0 trident.
The orc priest hits you with a +0 club.
You tentacle-slap the orc priest. You squeeze the orc priest.
The orc priest is severely wounded.
You constrict the orc priest, but do no damage.
The orc hits you from afar with a +0 trident.
The orc priest closely misses you.
You tentacle-slap the orc priest.
You kill the orc priest!
The orc hits you from afar with a +0 trident!
* * * LOW HITPOINT WARNING * * *
The adder closely misses you.
You have reached level 5!
You feel stronger.
You tentacle-slap the adder. Your grab misses the adder.
Your squeeze misses the adder.
The adder is lightly wounded.
The adder misses you.
The orc hits you from afar with a +0 trident.
* * * LOW HITPOINT WARNING * * *
You tentacle-slap the adder. Your grab misses the adder.
Your squeeze misses the adder.
The adder is severely wounded.
The adder barely misses you.
The orc hits you from afar with a +0 trident!
You die...

#.....(....# #..####.....
#....###...###.##..##.##.
#..#.# #............#....
#....###.#####..##..#.###
#............#.##..##..##
#.#.##..####.#.#..##....#
#.#. #...# #.#..†)..... #
#. #.#.# #.##.†##...# #.
#.#h# #.(####...##
#.##.#S# ##. .....##
#.#...$.o### ####.###
#..........# ......
#.##.#####S.....# ##....
# #.. .#.#### ##### ....
.. .. ###. ... ..# ##
.... .#


You could see an adder and an orc.

Vanquished Creatures
  A bombardier beetle (D:3)
  An orc priest (D:3)
  An adder (D:3)
  4 dart slugs
  2 ribbon worms (D:3)
  2 orcs (D:3)
  8 ball pythons
  9 endoplasms
  A giant cockroach (D:1)
  9 goblins
  A hobgoblin (D:2)
  4 jackals (D:2)
  3 bats
  2 frilled lizards (D:2)
  A kobold (D:2)
  5 rats
54 creatures vanquished.

Notes
Turn   | Place    | Note
-------+----------+-------------------------------------------
     0 | D:1      | Killerpretzel the Octopode Shapeshifter began the quest for
                  | the Orb.
     0 | D:1      | Reached XP level 1. HP: 13/13 MP: 1/1
    68 | D:1      | Reached XP level 2. HP: 16/18 MP: 2/2
   429 | D:1      | Reached XP level 3. HP: 20/23 MP: 3/3
   587 | D:1      | Found Vecorr's General Store.
   697 | D:1      | Identified a scroll of acquirement
   697 | D:1      | Acquired the ring "Nalyx" {Fly rElec rF+++ Str-4}
  1549 | D:3      | Reached XP level 4. HP: 9/29 MP: 4/4
  1983 | D:3      | Reached skill level 4 in Shapeshifting
  2064 | D:3      | Reached XP level 5. HP: 7/34 MP: 5/5
  2065 | D:3      | Slain by an orc

Illustrated notes

Levels and vault maps discovered:
D:1:      eino_arrival_cavern_d, layout_loops_ring, serial_shops,
          nicolae_shop_real_fake_doors, grunt_decor_arrowhead
D:2:      layout_basic, kennysheep_cluttered_room
D:3:      layout_loops_ring, hellmonk_ghost_happy_afterlife,
          minmay_misc_feat_columns, dk_vineyard_2, minmay_close_crescents

Skill      XL: |  1  2  3  4 |
---------------+-------------+-----
Fighting       | 2 |  2.1
Shapeshifting  | 4 |  4.1
Dodging        | |  2.9
Unarmed Combat | |  3.6

Action                     |  1- 3 |  4- 6 || total
---------------------------+-------+-------++-------
  Melee: Unarmed           |    70 |    40 ||   110
         Constrict         |    16 |     8 ||    24
         Tentacles         |    10 |     5 ||    15
    Use: Scroll            |     8 |       ||     8
   Stab: Sleeping          |    10 |     1 ||    11
 Armour: Skin              |    32 |    15 ||    47
  Dodge: Dodged            |    40 |    35 ||    75
